 Dungeon Crawl Stone Soup version 0.30-a0-371-gad7725a93e (webtiles) character file.

Game seed: 11526801186627978678

27 Perikles the Grave Robber (level 2, -1/19 HPs)
             Began as a Vampire Necromancer on Nov 20, 2022.
             Splashed by a jelly's acid (6 damage)
             ... on level 1 of the Dungeon.
             The game lasted 00:07:25 (1362 turns).

Perikles the Grave Robber (Vampire Necromancer)     Turns: 1362, Time: 00:07:26

Health: -1/19      AC: -2    Str:  7    XL:     2   Next: 93%
Magic:  5/5        EV: 12    Int: 17    God:
Gold:   50         SH:  0    Dex: 14    Spells: 5/6 levels left

rFire   . . .      SeeInvis +    c - +0 dagger
rCold   . . .      Faith    .    (no shield)
rNeg    . . .      Spirit   .    a - +0 robe
rPois   .          Reflect  .    (no helmet)
rElec   .          Harm     .    (no cloak)
rCorr   .          Rampage  .    (no gloves)
Will    .....                    (no boots)
Stlth   ++........               (no amulet)
HPRegen 0.43/turn                (no ring)
MPRegen 0.09/turn                (no ring)

@: corroded, healing quickly
A: alive, fangs 3, see invisible, vampiric 1
a: Exsanguinate


You were on level 1 of the Dungeon.
You visited 1 branch of the dungeon, and saw 1 of its levels.

You collected 50 gold pieces.

Inventory:

Hand Weapons
 c - a +0 dagger (weapon)
Armour
 a - a +0 robe (worn)
Scrolls
 d - a scroll of noise {unknown}
 e - 2 scrolls of identify {unknown}
 f - a scroll of teleportation {unknown}
Potions
 g - 2 potions of curing {unknown}


   Skills:
 + Level 2.2 Dodging
 + Level 3.2 Stealth
 + Level 2.5 Spellcasting
 + Level 5.0 Necromancy


You had 5 spell levels left.
You knew the following spells:

 Your Spells              Type           Power      Damage    Failure   Level
a - Necrotise             Necr           76%        1d7       2%          1

Your spell library contained the following spells:

 Spells                   Type           Power      Damage    Failure   Level
 Vampiric Draining        Necr           19%        2d7       7%          3
 Animate Dead             Necr           19%        N/A       22%         4
 Agony                    Necr           19%        N/A       54%         5


Dungeon Overview and Level Annotations

Branches:
Dungeon (1/15)

Altars:


Innate Abilities, Weirdness & Mutations

Your natural rate of healing is accelerated.
You have razor-sharp teeth.
You have supernaturally acute eyesight. (SInv)
You are afflicted with vampirism.


Message History

Confirm with . or Enter, or press ? or * to list all spells.
You don't have enough magic to cast this spell.
Unknown command.
The jelly attacks as you move away! The jelly closely misses you.
The jelly attacks as you move away! The jelly hits you but does no damage.
The jackal attacks as you move away! The jackal bites you.
The jackal attacks as you move away! The jackal closely misses you.
The jelly attacks as you move away! The jelly closely misses you.
The jackal closely misses you. The jackal attacks as you move away!
The jackal bites you. x2
The giant cockroach waves its antennae.
The jackal closely misses you. The jelly attacks as you move away!
The jelly closely misses you. The jelly attacks as you move away!
The jelly hits you.
You are splashed with acid!
The jelly barely misses you.
You begin bloodletting.
You continue bloodletting.
The jelly hits you but does no damage.
Keep bloodletting? [Y]es or [N]o only, please.
Keep bloodletting?
You stop emptying yourself of blood.
Casting: Necrotise (safe; 2% risk of failure)
Confirm with . or Enter, or press ? or * to list all spells.
Aiming: Necrotise (safe; 2% risk of failure)
Press: ? - help, Shift-Dir - straight line, f/p - jelly
Aim: a jelly (heavily wounded, chance to affect: 84%)
The jelly writhes in agony!
The jelly hits you. The acid corrodes you!
You are splashed with acid.
* * * LOW HITPOINT WARNING * * *
Casting: Necrotise (safe; 2% risk of failure)
Confirm with . or Enter, or press ? or * to list all spells.
Aiming: Necrotise (safe; 2% risk of failure)
Press: ? - help, Shift-Dir - straight line, f/p - jelly
Aim: a jelly (severely wounded, chance to affect: 84%)
The jelly writhes in agony.
The jelly completely misses you. Magic courses through your body.
The jelly hits you.
* * * LOW HITPOINT WARNING * * *
The acid corrodes you!
You are splashed with acid.
You die...

.# #.#.....#.#####.########.#
########.#.###.#.#...............
.........#.###.#.#.#####.######.#
#######......#.#.#.# ##'######.#
#......#.#.#.# #......##.#
#......#.#.#.# #......##.#
#######......#.#.#.# #......##.#
.....##......#.#.#.# #......##.#
.....#####.....#@#.# ##+######.#
.....###########J#.#####.# #.#
.....'.....# #B#.##....# #..
.....#####.# #h#....#########..
'#########'#####J................
.# #.........#..###############
.# #.........#..#....h...J....#
.# #.........#..#...........h.#
># #.........#..#..h......BrJB#


You could see a jelly, an endoplasm, a jackal and a giant cockroach.

Vanquished Creatures
  6 endoplasms (D:1)
  A giant cockroach (D:1)
  3 hobgoblins (D:1)
  2 jackals (D:1)
  A kobold (D:1)
  3 ball pythons (D:1)
  A bat (D:1)
  2 frilled lizards (D:1)
  4 rats (D:1)
23 creatures vanquished.

Vanquished Creatures (collateral kills)
  A giant cockroach (D:1)
1 creature vanquished.

Grand Total: 24 creatures vanquished

Notes
Turn   | Place    | Note
-------+----------+-------------------------------------------
     0 | D:1      | Perikles the Vampire Necromancer began the quest for the
                  | Orb.
     0 | D:1      | Reached XP level 1. HP: 13/13 MP: 3/3
     0 | D:1      | Noticed a jelly
     0 | D:1      | Noticed a jelly
     2 | D:1      | Found a runed translucent door.
   461 | D:1      | Reached XP level 2. HP: 19/19 MP: 3/5
  1199 | D:1      | Reached skill level 5 in Necromancy
  1362 | D:1      | Splashed by a jelly's acid

Illustrated notes

Levels and vault maps discovered:
D:1:      dpeg_arrival_caged_fury, layout_basic

Skill      XL: |  1  2 |
---------------+-------+-----
Necromancy     | 5 |  5.0
Dodging        | |  2.2
Stealth        | |  3.2
Spellcasting   | |  2.5

Action                   || total
-------------------------++-------
Melee: Dagger            ||     1
 Cast: Necrotise         ||    43
 Abil: Exsanguinate      ||     1
  Use: Potion            ||     1
Armor: Robe              ||     3
Dodge: Dodged            ||    15

Table legend: (Time is in decaauts)
 A = Elapsed time spent in this place.
 B = Non-inter-level travel time spent in this place.
 C = Inter-level travel time spent in this place.
 D = Time resting spent in this place.
 E = Time spent auto-exploring this place.
 F = Levels seen in this place.
 G = Mean time per level.
                   A        B        C        D        E       F      G
               +--------+--------+--------+--------+--------+-----+--------+
         Total |   1418 |   1382 |     36 |     81 |    606 |   1 | 1418.0 |
       Dungeon |   1418 |   1382 |     36 |     81 |    606 |   1 | 1418.0 |
               +--------+--------+--------+--------+--------+-----+--------+

Top non-repeatable levels by time:
     D:1: 1418 daAuts
